 Dungeon Crawl Stone Soup version 0.24.0-13-gcf9b3192b9 (webtiles) character file.

Game seed: 14485372938894908731, levelgen mode: deterministic

15415 EmberCloud the Spear-Bearer (level 12, -4/101 HPs)
             Began as a Minotaur Gladiator on Nov 7, 2019.
             Was an Elder of Okawaru.
             Slain by an orc warrior
             ... wielding a +0 short sword of protection
              (21 damage)
             ... on level 12 of the Dungeon.
             The game lasted 01:50:21 (11475 turns).

EmberCloud the Spear-Bearer (Minotaur Gladiator)   Turns: 11475, Time: 01:50:22

Health: -4/101     AC:  9    Str: 26    XL:     12   Next: 1%
Magic:  9/11       EV: 20    Int:  8    God:    Okawaru [****..]
Gold:   384        SH:  0    Dex: 14    Spells: 11/11 levels left

rFire    x . .     SeeInvis .   R - +5 scythe "Finisher" {speed, eviscerate}
rCold    + + .     Gourm    .   (shield currently unavailable)
rNeg     . . .     Faith    .   T - +2 leather armour "Niwyzump" {+Inv rF- rC+ Str+4}
rPois    .         Spirit   .   c - +0 hat
rElec    .         Reflect  .   l - scarf {cloud immunity}
rCorr    .         Harm     .   Y - +0 pair of gloves
MR       .....                  X - +0 pair of boots
Stlth    +++.......             (no amulet)
HPRegen  0.26/turn              K - ring of protection from cold
MPRegen  0.12/turn              d - +3 ring of intelligence

@: heroism
A: retaliatory headbutt, horns 2
a: Heroism, Renounce Religion, Evoke Invisibility


You were on level 12 of the Dungeon.
You worshipped Okawaru.
Okawaru was greatly pleased with you.
You were not hungry.

You visited 2 branches of the dungeon, and saw 13 of its levels.
You visited 1 bazaar.
You also visited: Ossuary.

You collected 737 gold pieces.
You spent 353 gold pieces at shops.

Inventory:

Hand Weapons
 a - a +0 long sword
 b - a +0 bardiche
 e - a +3 dagger of speed
 k - a +2 hand axe of chopping
 m - a +1 spear of distortion
 D - a +2 dagger of venom
 I - a +2 dire flail of freezing
 R - the +5 scythe "Finisher" (weapon) {speed, eviscerate}
   (You found it on level 7 of the Dungeon)

   Attacks with this weapon are significantly faster.
 S - a +3 spear of venom
Missiles
 g - 2 throwing nets (quivered)
 Z - 5 poisoned darts
Armour
 c - a +0 hat (worn)
 l - a scarf of cloud immunity (worn)
 t - a +2 ring mail of cold resistance
 y - a +1 pair of gloves of archery
 J - a +0 robe of fire resistance
 T - the +2 leather armour "Niwyzump" (worn) {+Inv rF- rC+ Str+4}
   (You took it off Nergalle on level 10 of the Dungeon)

   It affects your strength (+4).
   It makes you vulnerable to fire.
   It protects you from cold.
   It lets you turn invisible.
 W - a +1 leather armour of positive energy
 X - a +0 pair of boots (worn)
 Y - a +0 pair of gloves (worn)
Jewellery
 d - a +3 ring of intelligence (right hand)
 K - a ring of protection from cold (left hand)
Wands
 B - a wand of digging (4)
 U - a wand of paralysis (6)
Scrolls
 h - 12 scrolls of remove curse
 j - 2 scrolls of teleportation
 n - a scroll of blinking
 o - 2 scrolls of noise {unknown}
 p - 3 scrolls of fog
 q - a scroll of random uselessness {unknown}
 w - 4 scrolls of enchant armour
 z - a scroll of identify
 E - 3 scrolls of enchant weapon
 G - a scroll of vulnerability {unknown}
 M - 2 scrolls of immolation
 O - a scroll of magic mapping {unknown}
 V - a scroll of silence {unknown}
Potions
 r - 7 potions of might
 s - a potion of degeneration {unknown}
 v - a potion of curing
 x - a potion of agility {unknown}
 A - 3 potions of brilliance
 C - a potion of magic {unknown}
 F - 2 potions of lignification
 H - 2 potions of mutation
 L - 2 potions of resistance
 N - 3 potions of haste
 P - a potion of ambrosia {unknown}
 Q - 2 potions of invisibility
Comestibles
 f - 15 rations
 i - 3 chunks of flesh


   Skills:
 - Level 8.0(13.0) Fighting
 - Level 12.3(17.3) Long Blades
 * Level 14.0(19.0) Polearms
 - Level 2.3(7.3) Throwing
 - Level 6.8(11.8) Armour
 + Level 8.3(13.3) Dodging
 - Level 2.6(7.6) Stealth


You had 11 spell levels left.
You didn't know any spells.
Your spell library contained the following spells:

 Spells                   Type           Power        Failure   Level  Hunger
 Animate Skeleton         Necr           N/A          43%         1    ##.....
 Pain                     Necr           #...         43%         1    ##.....
 Regeneration             Chrm/Necr      #.........   82%         3    ####...
 Vampiric Draining        Necr           #.........   82%         3    ####...
 Animate Dead             Necr           N/A          99%         4    #####..


Dungeon Overview and Level Annotations

Branches:
Dungeon (12/15)            Temple (1/1) D:7             Orc (0/2) D:12
Ossuary (visited)
   Lair: D:8-11

Altars:
Ashenzari
Cheibriados
Dithmenos
Elyvilon
Fedhas
Gozag
Hepliaklqana
Kikubaaqudgha
Makhleb
Nemelex Xobeh
Okawaru
Qazlal
Ru
Sif Muna
Trog
Uskayaw
Vehumet
Wu Jian
Xom
Yredelemnul
Zin
The Shining One
Beogh

Shops:
D:8 !   D:10 (


Innate Abilities, Weirdness & Mutations

You reflexively headbutt those who attack you in melee.
You have a pair of horns on your head.


Message History

Okawaru accepts your kill. The orc warrior completely misses you.
You furiously retaliate!
You headbutt the orc warrior. The orc closely misses you.
Things that are here:
4 atropa-tipped darts; a +0 leather armour You slice the orc!!
You kill the orc!
You hit the orc warrior but do no damage.
The orc warrior is lightly wounded.
The orc misses you.
You slash the orc warrior!
The orc warrior is moderately wounded.
The orc no longer looks unusually strong.
The orc warrior barely misses you. You furiously retaliate!
You headbutt the orc warrior, but do no damage.
The orc closely misses you.
You closely miss the orc warrior. Your headbutt misses the orc warrior.
The orc warrior is moderately wounded.
The orc warrior hits you with a +0 short sword of protection!!
You die...

################
%....ooo@[))...#
#####oo#######.###
...%%.o.####...#
####8'8##...#...#
8.o.o #.......#


o.o.o #.......# . _..o. #.......# . ...... #.†.#...# # > #...##..# #. .# You
could see an orc warrior, an orc priest and 3 orcs.

Vanquished Creatures
  Harold (D:7)
  A two-headed ogre (D:10)
  Nergalle (D:10)
  3 ugly things
  A harpy (shapeshifter) (D:12)
  An orc knight (D:12)
  A cyclops (D:10)
  5 trolls
  Prince Ribbit (D:8)
  A hornet (D:7)
  3 hippogriffs
  Sigmund (D:4)
  4 wraiths
  6 yaks (D:9)
  Eustachio (D:4)
  2 hungry ghosts
  Grum (D:11)
  A soldier ant (D:11)
  5 orc warriors
  2 water moccasins
  2 ice beasts
  A sky beast (D:10)
  A black bear (D:10)
  A necrophage (D:8)
  3 centaurs
  An eye of draining (D:12)
  4 phantoms
  3 wolves (D:11)
  4 ogres
  A crocodile (D:10)
  2 big kobolds (D:11)
  5 bullfrogs
  A gnoll sergeant (D:10)
  A wyvern zombie (D:9)
  13 scorpions
  4 wights (D:6)
  3 howler monkeys (D:8)
  5 crimson imps
  A bullfrog zombie (D:5)
  2 quasits
  6 orc priests
  5 centaur zombies
  4 hounds
  2 human zombies (Ossuary)
  5 jellies
  3 bullfrog skeletons
  4 centaur skeletons
  4 iguanas
  12 orc wizards
  7 worker ants
  4 big kobold zombies (Ossuary)
  A hound zombie (D:10)
  3 mummies (Ossuary)
  Robin (D:4)
  A worker ant zombie (D:11)
  13 gnolls
  3 scorpion zombies (Ossuary)
  17 adders
  2 shadow imps
  9 oozes
  A worm (D:3)
  12 dart slugs
  6 leopard geckos
  52 orcs
  2 ball pythons
  3 giant cockroaches
  A gnoll zombie (Ossuary)
  14 goblins
  11 hobgoblins
  12 jackals
  17 kobolds
  3 quokkas
  6 bats
  6 frilled lizards
  A goblin zombie (Ossuary)
  2 hobgoblin zombies (Ossuary)
  3 kobold zombies (Ossuary)
  3 leopard gecko skeletons
  2 leopard gecko zombies (D:5)
  An orc zombie (Ossuary)
  A quokka skeleton (D:6)
  A quokka zombie (D:8)
  21 rats
  A spectral orc (D:7)
  A plant (D:11)
389 creatures vanquished.

Vanquished Creatures (others)
  An orc (D:10)
1 creature vanquished.

Grand Total: 390 creatures vanquished

Notes
Turn   | Place    | Note
-------+----------+-------------------------------------------
     0 | D:1      | EmberCloud the Minotaur Gladiator began the quest for the
                  | Orb.
     0 | D:1      | Reached XP level 1. HP: 18/18 MP: 0/0
    53 | D:1      | Reached XP level 2. HP: 15/25 MP: 1/1
   346 | D:1      | Reached XP level 3. HP: 30/30 MP: 2/2
   464 | D:1      | Reached skill level 1 in Armour
   957 | D:2      | Reached XP level 4. HP: 37/37 MP: 3/3
   961 | D:2      | Reached skill level 5 in Long Blades
  1368 | D:2      | Reached XP level 5. HP: 41/45 MP: 4/4
  1798 | D:3      | Found a shadowy altar of Dithmenos.
  1953 | D:3      | Found an ancient bone altar of Kikubaaqudgha.
  2188 | D:3      | Found a stormy altar of Qazlal.
  2212 | D:3      | Found a sparkling altar of Nemelex Xobeh.
  2373 | D:4      | Found a stormy altar of Qazlal.
  2400 | D:4      | Noticed a phantom
  2412 | D:4      | Killed a phantom
  2412 | D:4      | Reached XP level 6. HP: 50/52 MP: 5/5
  2458 | D:4      | Noticed Sigmund
  2479 | D:4      | Killed Sigmund
  2479 | D:4      | Reached skill level 1 in Stealth
  2829 | D:4      | Reached XP level 7. HP: 51/60 MP: 6/6
  3023 | D:4      | Noticed Eustachio
  3041 | D:4      | Killed Eustachio
  3041 | D:4      | Reached skill level 5 in Fighting
  3041 | D:4      | Reached skill level 5 in Dodging
  3194 | D:4      | Noticed Robin
  3199 | D:4      | Killed Robin
  3363 | D:5      | Entered Level 5 of the Dungeon
  3363 | D:5      | Found an opulent altar of Gozag.
  3414 | D:5      | Reached XP level 8. HP: 65/68 MP: 7/7
  3509 | D:5      | Found a shattered altar of Ashenzari.
  3872 | D:6      | Found a glowing silver altar of Zin.
  4128 | D:6      | Found an opulent altar of Gozag.
  4300 | D:6      | Found an ornate altar of the Wu Jian Council.
  4536 | D:6      | Reached skill level 5 in Armour
  4557 | D:6      | Reached skill level 10 in Long Blades
  4801 | D:7      | Noticed a hornet
  4807 | D:7      | Paralysed by a hornet for 1 turns
  4808 | D:7      | Killed a hornet
  4817 | D:7      | Reached XP level 9. HP: 51/75 MP: 8/8
  4850 | D:7      | Found the +5 scythe "Finisher" {speed, eviscerate}
  5018 | D:7      | Noticed Harold
  5050 | D:7      | Killed Harold
  5125 | D:7      | Found a sand-covered staircase.
  5131 | Ossuary  | Entered an ossuary
  5710 | Ossuary  | Reached XP level 10. HP: 78/86 MP: 9/9
  6158 | D:7      | Found a basalt altar of Yredelemnul.
  6478 | D:7      | Found a staircase to the Ecumenical Temple.
  6482 | Temple   | Entered the Ecumenical Temple
  6814 | D:8      | Noticed Prince Ribbit
  6914 | D:8      | Reached skill level 1 in Polearms
  6927 | D:8      | Reached skill level 2 in Polearms
  7016 | D:8      | Reached skill level 3 in Polearms
  7224 | D:8      | Reached skill level 4 in Polearms
  7258 | D:8      | Killed Prince Ribbit
  7259 | D:8      | Reached skill level 5 in Polearms
  7489 | D:8      | Found Diwnafil's Distillery.
  7492 | D:8      | Bought a potion of heal wounds for 60 gold pieces
  7492 | D:8      | Bought a potion of curing for 36 gold pieces
  7492 | D:8      | Bought 2 potions of curing for 72 gold pieces
  7492 | D:8      | Bought a potion of heal wounds for 60 gold pieces
  7492 | D:8      | Bought a potion of heal wounds for 60 gold pieces
  7710 | D:9      | Reached skill level 6 in Polearms
  7763 | D:9      | Reached skill level 7 in Polearms
  7848 | D:9      | Found an iron altar of Okawaru.
  7854 | D:9      | Became a worshipper of Warmaster Okawaru
  7871 | D:9      | Found a hide-covered altar of Uskayaw.
  7930 | D:9      | Reached skill level 8 in Polearms
  8108 | D:9      | Found a hazy altar of Hepliaklqana.
  8175 | D:9      | Found a blossoming altar of Fedhas.
  8301 | D:9      | Found a burning altar of Makhleb.
  8370 | D:9      | Reached skill level 9 in Polearms
  8421 | D:9      | Found a basalt altar of Yredelemnul.
  8491 | D:10     | Entered Level 10 of the Dungeon
  8706 | D:10     | Reached * piety under Okawaru
  8735 | D:10     | Noticed a two-headed ogre
  8739 | D:10     | Killed a two-headed ogre
  8739 | D:10     | Reached skill level 10 in Polearms
  8739 | D:10     | Reached XP level 11. HP: 94/94 MP: 10/10
  8753 | D:10     | Reached ** piety under Okawaru
  8939 | D:10     | Noticed Nergalle
  9236 | D:10     | Found Tint's Antique Weapon Boutique.
  9240 | D:10     | Identified the +2 leather armour "Niwyzump" {+Inv rF- rC+
                  | Str+4}
  9256 | D:10     | Killed Nergalle
  9256 | D:10     | Reached skill level 11 in Polearms
  9504 | D:10     | Reached *** piety under Okawaru
  9880 | D:11     | Noticed Grum
  9889 | D:11     | Killed Grum
 10043 | D:11     | Noticed a brown ugly thing
 10044 | D:11     | Noticed a cyan ugly thing
 10068 | D:11     | Killed a brown ugly thing
 10068 | D:11     | Reached skill level 12 in Polearms
 10078 | D:11     | Killed a green ugly thing
 10271 | D:11     | Reached **** piety under Okawaru
 10393 | D:11     | Found a flickering gateway to a bazaar.
 10405 | Bazaar   | Entered a bazaar
 10426 | Bazaar   | Found Loluopt's Food Boutique.
 10453 | Bazaar   | Found Voashuto's Food Boutique.
 10471 | Bazaar   | Found Riboutza's General Store.
 10479 | Bazaar   | Bought a scroll of identify for 26 gold pieces
 10479 | Bazaar   | Bought a potion of curing for 39 gold pieces
 10485 | Bazaar   | Found Deridghic's Food Boutique.
 10499 | Bazaar   | Found Umiesil's Food Shop.
 10987 | D:12     | Reached skill level 13 in Polearms
 11043 | D:12     | Noticed a cyan ugly thing
 11073 | D:12     | Killed a cyan ugly thing
 11403 | D:12     | Noticed a harpy
 11403 | D:12     | a hornet changed into a harpy
 11406 | D:12     | Killed a harpy
 11412 | D:12     | Found a roughly hewn altar of Beogh.
 11412 | D:12     | Found a staircase to the Orcish Mines.
 11457 | D:12     | Received a gift from Okawaru
 11458 | D:12     | Noticed an orc knight
 11467 | D:12     | Killed an orc knight
 11467 | D:12     | Reached skill level 14 in Polearms
 11467 | D:12     | Reached XP level 12. HP: 25/101 MP: 8/11
 11475 | D:12     | Slain by an orc warrior

Levels and vault maps discovered:
D:1:      erik_arrival_orb_chamber, layout_basic, minmay_hexomino_u4
D:2:      layout_loops_ring, minmay_misc_feat_columns
D:3:      kennysheep_slugbush, layout_basic, lemuel_coloured_pillars_altar,
          minitemple, first_ration, minmay_stone_trees_medium, lemuel_tele_altar
D:4:      layout_loops_ring, grunt_qazlal_clouds, uniq_robin, uniq_sigmund,
          uniq_eustachio
D:5:      layout_rooms, overflow_temple_1_default, old_standard_altar,
          fountainhead
D:6:      layout_basic, old_standard_altar, kennysheep_mini_moat,
          grunt_gozag_breadcrumbs
D:7:      layout_loops_corners, yredelemnul_forgotten_temple_becter,
          temple_hall_moat, nicolae_ossuary_entry_ruins,
          minmay_guarded_unrand_finisher, uniq_harold
D:8:      layout_loops_ring, serial_shops, kennysheep_mini,
          hangedman_little_slice_of_home, uniq_prince_ribbit1
D:9:      layout_loops_ring, fedhas_altar_4, lemuel_crystal_altar,
          overflow_temple_1_default, eat_drink_and_be_merry_uskayaw,
          lightli_temple_of_fire, gammafunk_ghost_smash,
          yredelemnul_altar_generic
D:10:     layout_stronghold, serial_shops, shop, uniq_nergalle
D:11:     layout_cross, lair_entry_dummy, serial_shops, bzr_entry_lakeside,
          uniq_grum
D:12:     minmay_s_stair_smasher, layout_basic, david_orc_5, grunt_ministairs_13
Temple:   nicolae_temple_figure_zero

Skill      XL: |  1  2  3  4  5  6  7  8  9 10 11 |
---------------+----------------------------------+-----
Long Blades    | 4 5 6 7 8 10 12 | 12.3
Armour         | 1 2 3 5 6 |  6.8
Dodging        | 4 5 6 7 8 |  8.3
Fighting       | 3 4 5 6 7 8 |  8.0
Stealth        | 1 2 |  2.6
Polearms       | 10 14 | 14.0
Throwing       | |  2.3

Action                   |  1- 3 |  4- 6 |  7- 9 | 10-12 || total
-------------------------+-------+-------+-------+-------++-------
Melee: Long sword        |    76 |   129 |   360 |    47 ||   612
       Headbutt          |    12 |    28 |   103 |    84 ||   227
       Scythe            |       |       |       |   412 ||   412
Throw: Throwing net      |       |       |     3 |     4 ||     7
Invok: Heroism           |       |       |       |     3 ||     3
 Abil: Evoke Invisibilit |       |       |       |     1 ||     1
Evoke: Wand              |       |       |       |     2 ||     2
  Use: Scroll            |     2 |     4 |     5 |    16 ||    27
       Potion            |       |       |       |    20 ||    20
 Stab: Held in net/web   |       |       |     1 |       ||     1
       Sleeping          |       |       |       |     4 ||     4
  Eat: Ration            |       |     2 |     3 |     3 ||     8
       Chunk             |       |       |     2 |     8 ||    10
Armor: Leather armour    |    16 |    16 |       |    71 ||   103
       Ring mail         |       |     6 |    92 |    78 ||   176
       Robe              |       |       |       |     4 ||     4
Dodge: Dodged            |    72 |    78 |   222 |   378 ||   750
       Rpst.: Long sword |    22 |    15 |    65 |     7 ||   109
